 Dungeon Crawl Stone Soup version 0.20.1-1-g8b1a95d (webtiles) character file.

25 Romulous the Shield-Bearer (level 2, 27/27 HPs)
             Began as a Minotaur Fighter on Nov 26, 2017.
             Got out of the dungeon alive.
             The game lasted 00:03:30 (681 turns).

Romulous the Shield-Bearer (Minotaur Fighter)        Turns: 681, Time: 00:03:31

Health: 27/27      AC:  7    Str: 20    XL:     2   Next: 82%
Magic:  1/1        EV:  7    Int:  2    God:
Gold:   31         SH: 13    Dex:  9    Spells: 1/1 levels left

rFire    . . .     SeeInvis .   a - +0 war axe
rCold    . . .     Gourm    .   c - +0 shield
rNeg     + . .     Faith    .   b - +0 scale mail
rPois    .         Spirit   .   (helmet restricted)
rElec    .         Reflect  +   (no cloak)
rCorr    .         Harm     .   (no gloves)
MR       .....                  (no boots)
Stlth    ..........             r - +4 amulet of reflection
Regen    0.1/turn               j - -3 ring of intelligence (curse)
MPRegen  0.1/turn               n - ring of positive energy (curse)

@: no status effects
A: retaliatory headbutt, horns 2
a: no special abilities


You escaped.
You were not hungry.

You visited 1 branch of the dungeon, and saw 1 of its levels.

You collected 31 gold pieces.

Inventory:

Hand Weapons
 a - a +0 war axe (weapon)
Armour
 b - a +0 scale mail (worn)
 c - a +0 shield (worn)
Jewellery
 j - a cursed -3 ring of intelligence (left hand)
 n - a cursed ring of positive energy (right hand)
 r - a +4 amulet of reflection (around neck)
Scrolls
 e - 3 scrolls of teleportation {unknown}
 h - 2 scrolls of identify {unknown}
 i - a scroll of fog {unknown}
 k - a scroll of immolation {unknown}
 o - 2 scrolls of remove curse {unknown}
 p - a scroll of enchant weapon {unknown}
Potions
 d - a potion of might
 l - a potion of mutation {unknown}
 m - a potion of heal wounds {unknown}
Comestibles
 f - a bread ration
 g - a chunk of flesh
 q - a fruit


   Skills:
 + Level 3.9 Fighting
 + Level 2.8 Axes
 + Level 3.9 Armour
 + Level 4.2 Shields


You had one spell level left.
You didn't know any spells.

Dungeon Overview and Level Annotations

Branches:
Dungeon (1/15)

Altars:


Innate Abilities, Weirdness & Mutations

You reflexively headbutt those who attack you in melee.
You have a pair of horns on your head.


Message History

Oops, that ring feels deathly cold.
n - a cursed ring of positive energy (right hand)
You don't know any spells.
A kobold comes into view. It is wielding a short sword.
The kobold shouts!
You barely miss the kobold. You block the kobold's attack.
You closely miss the kobold. The kobold hits you but does no damage.
You hit the kobold. Your headbutt misses the kobold.
The kobold is severely wounded.
You block the kobold's attack. The kobold barely misses you.
You hit the kobold.
You kill the kobold!
Things that are here:
a short sword; a robe; a kobold corpse You see here a club.
You enter the shallow water.
Moving in this stuff is going to be slow.
There is a staircase leading out of the dungeon here.
Are you sure you want to leave the Dungeon?
This will make you lose the game!
You have escaped!

.............#
.............#######
........####.#.#.#.### ........#
#.#.#.#.#..# ........#
##.#.#.#.#.############ ##.....##
#.#.#.#.#..............
#.....#####.≈≈≈≈≈.#.[##########.
##..........#≈...≈#.......#....#.
.#.........#.≈..@≈.#.#......##.#.
............#≈...≈#..#).#.####.#.
...........#.≈≈≈≈≈.#.#.(.......#.
............#.#.#.#..###.#######.
...........#.#.#.#.#.............
............#.#.#.#..###.########
...........#.#.#.#.#.# #.#
..#######............###.#
#.....###...)....#.......#


There were no monsters in sight!

Vanquished Creatures
  A dart slug (D:1)
  A leopard gecko (D:1)
  4 bats (D:1)
  2 goblins (D:1)
  2 hobgoblins (D:1)
  2 jackals (D:1)
  3 frilled lizards (D:1)
  2 kobolds (D:1)
  4 rats (D:1)
21 creatures vanquished.

Notes
Turn   | Place    | Note
-------+----------+-------------------------------------------
     0 | D:1      | Romulous the Minotaur Fighter began the quest for the Orb.
     0 | D:1      | Reached XP level 1. HP: 19/19 MP: 0/0
    94 | D:1      | Reached skill level 4 in Shields
   102 | D:1      | Reached XP level 2. HP: 26/27 MP: 1/1
   681 | D:$      | Got out of the dungeon alive.

Skill      XL: |  1 |
---------------+----+-----
Shields        | 4 |  4.2
Fighting       | |  3.9
Axes           | |  2.8
Armour         | |  3.9

Action                   || total
-------------------------++-------
Melee: War axe           ||    54
       Headbutt          ||     5
Armor: Scale mail        ||    36
Dodge: Dodged            ||    17
Block: Shield            ||    28
